 Dungeon Crawl Stone Soup version 0.28.0-49-g6dfe1f597d (webtiles) character file.

Game seed: 16829086707465250846

15 Gabide the Poker (level 2, 0/24 HPs)
             Began as a Mummy Monk on May 13, 2022.
             Slain by an adder (4 damage)
             ... on level 2 of the Dungeon.
             The game lasted 00:01:23 (730 turns).

Gabide the Poker (Mummy Monk)                        Turns: 730, Time: 00:01:23

Health: 0/24       AC:  2    Str: 14    XL:     2   Next: 34%
Magic:  2/2        EV: 12    Int:  9    God:
Gold:   49         SH:  0    Dex: 14    Spells: 1/1 levels left

rFire   x . .      SeeInvis .   a - +0 spear
rCold   + . .      Faith    .   (no shield)
rNeg    + + +      Spirit   .   b - +0 robe
rPois   ∞          Reflect  .   (no helmet)
rElec   .          Harm     .   (no cloak)
rCorr   .          Rampage  .   (no gloves)
Will    .....                   (no boots)
Stlth   ++........              (no amulet)
HPRegen 0.08/turn               (no ring)
MPRegen 0.08/turn               (no ring)

@: weak-willed
A: cold resistance 1, negative energy resistance 3, torment resistance 2, heat
vulnerability 1, no potions
a: no special abilities


You were on level 2 of the Dungeon.
You visited 1 branch of the dungeon, and saw 2 of its levels.

You collected 49 gold pieces.

Inventory:

Hand Weapons
 a - a +0 spear (weapon)
Armour
 b - a +0 robe (worn)
Jewellery
 d - an amulet of magic regeneration
Scrolls
 c - a scroll of blinking
 e - a scroll of identify


   Skills:
 - Level 3.0 Fighting
 + Level 3.1 Polearms
 - Level 2.4 Dodging
 - Level 1.5 Stealth


You had one spell level left.
You didn't know any spells.
Your spell library contained the following spells:

 Spells                   Type           Power      Damage    Failure   Level
 Tukima's Dance           Hex            0%         N/A       77%         3
 Passage of Golubria      Tloc           0%         N/A       99%         4
 Yara's Violent Unravell  Hex/Tmut       0%         3d3       100%        5


Dungeon Overview and Level Annotations

Branches:
Dungeon (2/15)

Altars:

Shops:
D:1 (


Innate Abilities, Weirdness & Mutations

You are immune to poison.
Your flesh is cold resistant. (rC+)
You are immune to negative energy. (rN+++)
You are immune to unholy pain and torment.
You are vulnerable to heat. (rF-)
You do not drink.


Message History

You are too injured to fight recklessly!
You are too injured to fight recklessly!
You are too injured to fight recklessly!
You are too injured to fight recklessly!
You are too injured to fight recklessly!
You aren't carrying any items that you can evoke.
You can't drink.
As you read the scroll labelled XUCEEJ ZAWUPH, it crumbles to dust.
It is a scroll of identify.
c - a scroll of blinking The adder bites you.
* * * LOW HITPOINT WARNING * * *
Okay, then.
As you read the scroll labelled JEMEIV RIMECU, it crumbles to dust.
It is a scroll of amnesia.
You feel forgetful for a moment. The adder bites you.
* * * LOW HITPOINT WARNING * * *
Press: ? - help, v - describe, . - travel
Here: an adder (lightly wounded)
The floor.
Unknown command.
As you read the scroll labelled HAUMNAO POOHUR, it crumbles to dust.
You hear a loud clanging noise!
It was a scroll of noise.
The adder barely misses you. The adder bites you.
* * * LOW HITPOINT WARNING * * *
As you read the scroll labelled YCAEXT KISAYN, it crumbles to dust.
Magic quickly surges around you.
It was a scroll of vulnerability.
The adder bites you but does no damage.
You closely miss the adder.
The adder is lightly wounded.
The adder bites you.
* * * LOW HITPOINT WARNING * * *
The adder barely misses you.
You closely miss the adder.
The adder is lightly wounded.
The adder barely misses you.
You closely miss the adder.
The adder is lightly wounded.
The adder bites you.
You die...

. ..# ...≈≈≈≈... #.#
#..≈≈≈≈8. #.#
#..≈≈≈≈.g #.#
#.........##.#######
...b..#..........#
## #.#.#####.#####.#
##. #...#####.# #.#
#.. #..gS@..# #.#
#.. #########
#.######..
#.##......
#.##......
#.##>.####
#.....###.
####..##.. #..#...
########†.(...


You could see an adder (weak-willed) and a hobgoblin (weak-willed).

Vanquished Creatures
  2 ball pythons (D:1)
  A bat (D:1)
  An endoplasm (D:1)
  A giant cockroach (D:1)
  2 goblins (D:1)
  A hobgoblin (D:1)
  A kobold (D:1)
  2 frilled lizards (D:2)
  3 rats
14 creatures vanquished.

Notes
Turn   | Place    | Note
-------+----------+-------------------------------------------
     0 | D:1      | Gabide the Mummy Monk began the quest for the Orb.
     0 | D:1      | Reached XP level 1. HP: 18/18 MP: 1/1
   332 | D:1      | Reached XP level 2. HP: 21/24 MP: 2/2
   374 | D:1      | Found Ulienoy's Antique Weapon Boutique.
   730 | D:2      | Slain by an adder

Illustrated notes

Levels and vault maps discovered:
D:1:      dpeg_chamrin_arrival_tetris, layout_basic, serial_shops, shop
D:2:      layout_loops_ring, serial_bayou_lagoon_a, serial_park_tiny_pond

Skill      XL: |  1 |
---------------+----+-----
Polearms       | 3 |  3.1
Fighting       | |  3.0
Dodging        | |  2.4
Stealth        | |  1.5

Action                   || total
-------------------------++-------
Melee: Spear             ||    47
  Use: Scroll            ||     4
 Stab: Sleeping          ||     4
Armor: Robe              ||     6
Dodge: Dodged            ||    18
